 Dungeon Crawl Stone Soup version 0.32-a0-705-g60f233581c (webtiles) character file.

Game seed: 16284143556797366492

1840012 Mll the Slayer (level 24, 217/233 HPs)
             Began as a Minotaur Fighter on Mar 12, 2024.
             Was a High Priest of Okawaru.
             Escaped with the Orb
             ... and 3 runes on Mar 14, 2024!
             The game lasted 04:01:21 (54409 turns).

Mll the Slayer (Minotaur Fighter)                  Turns: 54409, Time: 04:01:22

Health: 217/233    AC: 42    Str: 40    XL:     24   Next: 90%
Magic:  31/31      EV: 28    Int:  7    God:    Okawaru [*****.]
Gold:   5779       SH: 35    Dex: 29    Spells: 23/23 levels left

rFire   + . .        W - +6 broad axe of Massacring {flame, ^Contam rPois Str+4 Stlth+}
rCold   . . .        s - +4 tower shield {AC+3}
rNeg    . . .        t - +8 chain mail of Asceticism {Dex+4}
rPois   +            g - +2 hat "Afutag Nati" {rCorr Dex+2}
rElec   .            G - +2 cloak
rCorr   +            C - +3 pair of gauntlets of War {Slay+5}
SInv    .            M - +1 pair of boots of the Furies {rF+ Str+4 Int+2}
Will    +....        f - amulet of reflection
Stlth   +            c - +6 ring of dexterity
HPRegen 0.58/turn    N - +6 ring of dexterity
MPRegen 0.22/turn

%: reflection
@: finesse-ful, hasted, very quick
A: horns 2, retaliatory headbutt, fangs 1, iridescent scales 1
0: Orb of Zot
}: 3/15 runes: decaying, serpentine, silver
a: Renounce Religion, Heroism, Finesse, Duel


You escaped.
You worshipped Okawaru.
Okawaru was extremely pleased with you.
You visited 10 branches of the dungeon, and saw 48 of its levels.
You visited 2 bazaars.
You also visited: Sewer, Bailey, Gauntlet and Volcano.

You collected 10680 gold pieces.
You spent 4901 gold pieces at shops.

Inventory:

Hand Weapons
 W - the +6 broad axe of Massacring (weapon) {flame, ^Contam rPois Str+4 Stlth+}
   (Okawaru gifted it to you on level 2 of the Orcish Mines)

   Str+4:     It affects your strength (+4).
   rPois:     It protects you from poison.
   ^Contam:   It causes magical contamination when unequipped.
   Stlth+:    It makes you more stealthy.
Missiles
 h - 3 curare-tipped darts
 o - 9 atropa-tipped darts
 q - 26 javelins
 w - 4 boomerangs (quivered)
 A - 9 darts of dispersal
 D - 9 poisoned darts
 S - 13 silver javelins
Armour
 g - the +2 hat "Afutag Nati" (worn) {rCorr Dex+2}
   (You acquired it on level 1 of the Elven Halls)

   Dex+2:     It affects your dexterity (+2).
   rCorr:     It protects you from acid and corrosion.
 s - a +4 tower shield of protection (worn)
 t - the +8 chain mail of Asceticism (worn) {Dex+4}
   (Okawaru gifted it to you on level 2 of the Orcish Mines)

   Dex+4:     It affects your dexterity (+4).
 C - the +3 pair of gauntlets of War (worn) {Slay+5}
   (You found it on level 3 of the Elven Halls)

   Slay+5:    It affects your accuracy & damage with ranged weapons and melee
   (+5).
 G - a +2 cloak (worn)
 M - the +1 pair of boots of the Furies (worn) {rF+ Str+4 Int+2}
   (You acquired it on level 10 of the Dungeon)

   Str+4:     It affects your strength (+4).
   Int+2:     It affects your intelligence (+2).
   rF+:       It protects you from fire.
Jewellery
 c - a +6 ring of dexterity (left hand)
 d - a ring of protection from cold
 f - an amulet of reflection (around neck)
 l - a ring of willpower
 m - the ring "Wunnar" {rF+ EV+5}
   (You acquired it on level 5 of the Vaults)

   [ring of evasion]

   EV+5:      It affects your evasion (+5).
   rF+:       It protects you from fire.
 r - a ring of poison resistance
 x - a ring of see invisible
 E - a ring of positive energy
 N - a +6 ring of dexterity (right hand)
Wands
 I - a wand of digging (11)
Scrolls
 b - 42 scrolls of teleportation
 p - 2 scrolls of silence
 y - 8 scrolls of blinking
 B - 7 scrolls of enchant weapon
 O - 3 scrolls of fog
 U - 9 scrolls of fear
Potions
 a - 2 potions of berserk rage
 e - 4 potions of cancellation
 j - 11 potions of curing
 k - 2 potions of magic
 n - 7 potions of mutation
 u - a potion of heal wounds
 z - a potion of ambrosia
 F - 5 potions of enlightenment
 H - 2 potions of haste
 J - 5 potions of invisibility
 Y - 4 potions of might
 Z - 6 potions of resistance
Miscellaneous
 v - a phial of floods
 X - a lightning rod (4/4)


   Skills:
 * Level 22.4 Fighting
 * Level 22.3 Axes
 * Level 19.0 Throwing
 * Level 21.7 Armour
 * Level 19.9 Dodging
 * Level 21.8 Shields
 + Level 12.9 Invocations


You had 23 spell levels left.
You didn't know any spells.
Your spell library contained the following spells:

 Spells                   Type           Power      Damage    Failure   Level
 Foxfire                  Conj/Fire      0%         2x1d4     73%         1
 Kiss of Death            Conj/Necr      0%         2d5       73%         1
 Necrotise                Necr           0%         1d4       73%         1
 Slow                     Hex            0%         N/A       73%         1
 Sting                    Conj/Alch      0%         1d3       73%         1
 Blink                    Tloc           0%         N/A       86%         2
 Cigotuvi's Dreadful Rot  Necr/Alch/Air  0%         N/A       86%         2
 Ensorcelled Hibernation  Hex/Ice        0%         N/A       86%         2
 Jinxbite                 Hex            0%         N/A       86%         2
 Lesser Beckoning         Tloc           0%         N/A       86%         2
 Mercury Vapours          Alch/Air       0%         N/A       86%         2
 Momentum Strike          Conj/Tloc      0%         3d8       86%         2
 Scorch                   Fire           0%         2d5       86%         2
 Sublimation of Blood     Necr           0%         N/A       86%         2
 Confusing Touch          Hex            0%         N/A       97%         3
 Frozen Ramparts          Ice            0%         1d1       97%         3
 Fugue of the Fallen      Necr           0%         N/A       97%         3
 Gell's Gravitas          Tloc           0%         N/A       97%         3
 Hailstorm                Conj/Ice       0%         3d5       97%         3
 Inner Flame              Hex/Fire       0%         N/A       97%         3
 Ozocubu's Armour         Ice            0%         N/A       97%         3
 Sigil of Binding         Hex            0%         N/A       97%         3
 Teleport Other           Tloc           0%         N/A       97%         3
 Vampiric Draining        Necr           0%         2d6       97%         3
 Anguish                  Hex/Necr       0%         N/A       100%        4
 Dimensional Bullseye     Hex/Tloc       0%         N/A       100%        4
 Dispel Undead            Necr           0%         3d6       100%        4
 Flame Wave               Conj/Fire      0%         2d4       100%        4
 Fulminant Prism          Conj/Alch      0%         3d5       100%        4
 Iskenderun's Mystic Bla  Conj/Tloc      0%         2d3       100%        4
 Leda's Liquefaction      Alch/Erth      0%         N/A       100%        4
 Olgreb's Toxic Radiance  Alch           0%         N/A       100%        4
 Petrify                  Alch/Erth      0%         N/A       100%        4
 Sticky Flame             Fire/Alch      0%         2d4       100%        4
 Curse of Agony           Necr           0%         N/A       100%        5
 Irradiate                Conj/Alch      0%         3d11      100%        5
 Lee's Rapid Deconstruct  Erth           0%         3d4*      100%        5
 Metabolic Englaciation   Hex/Ice        0%         N/A       100%        5
 Yara's Violent Unravell  Hex/Alch       0%         3d3       100%        5
 Dispersal                Tloc           0%         N/A       100%        6
 Permafrost Eruption      Ice/Erth       0%         2x4d2     100%        6
 Enfeeble                 Hex            0%         N/A       100%        7
 Ozocubu's Refrigeration  Ice            0%         4d7       100%        7
 Discord                  Hex            0%         N/A       100%        8
 Ignition                 Fire           0%         3d3       100%        8
 Polar Vortex             Ice            0%         N/A       100%        9
 Call Canine Familiar     Summ           Unusable   N/A       N/A         3
 Summon Ice Beast         Ice/Summ       Unusable   N/A       N/A         3
 Tukima's Dance           Hex            Unusable   N/A       N/A         3
 Martyr's Knell           Necr/Summ      Unusable   N/A       N/A         4
 Sculpt Simulacrum        Ice/Alch       Unusable   N/A       N/A         6
 Summon Cactus Giant      Summ           Unusable   N/A       N/A         6

Dungeon Overview and Level Annotations

Branches:
Dungeon (15/15)            Temple (1/1) D:4            Lair (5/5) D:11
  Swamp (4/4) Lair:2        Snake (4/4) Lair:3        Slime (0/5) Lair:5
    Orc (2/2) D:12            Elf (3/3) Orc:2        Vaults (5/5) D:13
  Crypt (0/3) Vaults:2     Depths (4/4) D:15            Zot (5/5) Depths:4
  Sewer (visited)          Bailey (visited)         Volcano (visited)
Gauntlet (visited)

Altars:
Ashenzari
Cheibriados
Dithmenos
Elyvilon
Fedhas
Gozag
Hepliaklqana
Kikubaaqudgha
Makhleb
Nemelex Xobeh
Okawaru
Qazlal
Ru
Sif Muna
Trog
Uskayaw
Vehumet
Wu Jian
Xom
Yredelemnul
Zin
The Shining One

Shops:
Orc:2 ?(!:   Elf:1 ?   Elf:2 ?(=   Snake:1 *[[=?   Vaults:4 (   Depths:2 ([*[=
Depths:4 **

Portals:
Hell: Depths:1 Depths:2 Depths:3 Depths:4
Abyss: Depths:3
Pandemonium: Orc:2 Depths:2 Depths:4
Ziggurat: Depths:1
Trove: Vaults:1 (give 4 scrolls of fog)


Innate Abilities, Weirdness & Mutations

You have a pair of horns on your head.
You reflexively headbutt those who attack you in melee.
You have very sharp teeth.
You are partially covered in iridescent scales. (AC +2)


Message History

You feel sick.
You feel like a meek peon again.
You feel sick. Taulif gestures at you.
You block the poison arrow... and reflect it back!
The poison arrow hits Taulif!!
Taulif partially resists.
Taulif looks as sick as possible!
You feel sick. Taulif attacks as it pursues you! Taulif hits you.
You feel sick.
Taulif gestures.
Taulif blinks!
Taulif gestures.
You feel sick.
Aiming: Dig
Press: ? - help, Q - select action, (/) - cycle Shift-Dir - straight line Digging in that direction won't affect any walls.
This square is covered in magical glow.
Okay, then.
You feel sick.
You feel sick.
You are no longer poisoned.
A reaper comes into view.
It is wielding a +2 scythe of protection.
There is an open door here.
You feel yourself speed up.
Taulif gestures.
Taulif blinks!
You block the reaper's attack. Taulif attacks as it pursues you!
You block Taulif's attack.
Taulif gestures.
Taulif blinks!
The reaper misses you. The reaper attacks as it pursues you!
You block the reaper's attack.
You open the door.
There is an open door here.
There is an open door here.
Taulif gestures.
Taulif blinks!
There is a staircase leading out of the dungeon here.
Taulif gestures.
Taulif blinks!
You have escaped!

#############
............##################
.............................#
#...######...######...######.#
#...#....#...#.).§#...#....#.#
#...#.>..#...#..@.#...#..÷.#.####
##+##....##'##....##'##....#.....
#...##'###...###'##...###'##.##.#
'...'....')..'.&..+...'...#..##.#
###.####.##..####.#####..##..#..#
...#.#^#.##..#.#...#..#..#..##...
..#...###.....###..#...###.###...
.....##...#.#2........###...#....
..#.....##..#..........##........


You could see Taulif (poisoned).

Vanquished Creatures
  2 dread liches
  An orb of fire (Zot:5)
  An ancient lich (Zot:5)
  Mara (Depths:1)
  Vv (Depths:3)
  The ghost of Jymib the Ruinous, a veteran DgCj (Depths:3)
  the Lernaean hydra (Swamp:4)
  3 Killer Klowns
  Vashnia (Snake:4)
  8 golden dragons
  2 bone dragons
  An electric golem (Zot:5)
  The ghost of contendunt the Acrobat, an adept MiFi of Okawaru (Swamp:3)
  A walking crystal tome (Depths:2)
  14 tentacled monstrosities
  7 liches
  Jorgrun (Orc:1)
  24 Orb Guardians
  4 deep elf blademasters
  4 quicksilver dragons
  A walking divine tome (Depths:3)
  2 deep elf master archers (Elf:3)
  7 titans
  6 death cobs
  6 sphinxes
  2 walking frostbound tomes
  A pandemonium lord (Depths:3)
  9 storm dragons
  Kirke (Elf:1)
  A thorn hunter (Swamp:4)
  Roxanne (Swamp:3)
  3 nagarajas
  Aizul (Snake:3)
  12 shadow dragons
  A protean progenitor (Zot:3)
  2 tengu reavers
  2 draconian monks
  14 vault wardens
  9 frost giants
  4 draconian scorchers
  8 fire giants
  4 deep elf sorcerers (Elf:3)
  3 deep elf elementalists (Elf:3)
  4 angels (Zot:3)
  3 iron dragons
  A draconian shifter (Zot:4)
  Louise (Swamp:4)
  3 balrugs
  2 ghost moths
  3 ghouls (Swamp:3)
  2 cacodemons
  A reaper (D:7)
  2 formless jellyfish
  15 ironbound preservers
  2 orc warlords
  A draconian annihilator (Depths:4)
  2 spriggan defenders (Depths:3)
  23 very ugly things
  A draconian stormcaller (Zot:5)
  20 stone giants
  3 vampire knights
  9 green draconians
  6 ironbound thunderhulks
  12 deep elf annihilators
  3 deep elf demonologists
  7 deep elf death magi
  7 white draconians
  6 purple draconians
  6 eleionomae
  3 black draconians
  A lorocyproca (Depths:2)
  3 war gargoyles
  10 yellow draconians
  3 red draconians
  Azrael (D:13)
  2 spark wasps (Depths:4)
  5 dire elephants
  A minotaur (Gauntlet)
  14 yaktaur captains
  12 ettins
  2 fire dragons (Depths:2)
  An entropy weaver (shapeshifter) (D:14)
  A crystal guardian (Vaults:4)
  2 entropy weavers
  A shambling mangrove (Swamp:2)
  10 deep elf high priests
  3 jiangshi
  Harold (Orc:1)
  7 ice dragons
  A rakshasa (Depths:3)
  27 vault guards
  2 peacekeepers
  3 hell beasts
  Erolcha (D:11)
  10 great orbs of eyes
  An ogre mage (D:15)
  19 hydras
  5 ironbound frosthearts
  4 ghost crabs
  14 centaur warriors
  10 anacondas
  4 spriggan air magi
  7 alligators
  3 catoblepae (Lair:5)
  7 boulder beetles
  A demonspawn (Orc:2)
  2 jorogumos (Zot:3)
  8 tengu warriors
  21 dancing weapons
  7 deep troll shamans
  A death scarab (Gauntlet)
  6 two-headed ogres
  11 deep troll earth magi
  3 vampire magi
  19 naga warriors
  3 hell hogs
  3 death yaks (Lair:5)
  7 orc high priests (Orc:2)
  13 naga sharpshooters
  8 shock serpents
  3 spriggan berserkers
  Sonja (D:13)
  2 soul eaters
  15 deep elf knights
  4 hell knights
  9 goliath frogs
  8 skeletal warriors
  4 sun demons
  3 salamander mystics
  3 sixfirhies
  8 iron trolls
  46 deep trolls
  5 mana vipers
  16 swamp dragons
  2 flayed ghosts
  8 arcanists
  13 deep elf archers
  5 naga ritualists
  2 glowing orange brains
  An obsidian statue (Zot:5)
  5 spriggan druids
  17 bog bodies
  A sun moth (shapeshifter) (Vaults:5)
  A necromancer (Vaults:5)
  An orange crystal statue (Elf:2)
  2 large abominations (D:1)
  18 ironbound convokers
  6 lindwurms
  14 thermic dynamos
  3 phantasmal warriors
  11 orc knights
  12 harpies
  A harpy (shapeshifter) (D:13)
  49 ugly things
  17 deep elf zephyrmancers
  25 deep elf pyromancers
  3 manticores
  11 salamanders
  6 elephants (Lair:5)
  6 orc sorcerers
  4 will-o-the-wisps
  A manticore (shapeshifter) (Vaults:2)
  20 vault sentinels
  15 moths of wrath
  6 cyclopes
  12 guardian serpents
  23 black mambas
  13 naga magi
  An elephant (shapeshifter) (Depths:3)
  6 meliai (D:13)
  A torpor snail (shapeshifter) (Vaults:2)
  A rust devil (Orc:2)
  A gargoyle (D:12)
  An unseen horror (shapeshifter) (D:13)
  2 torpor snails
  11 cane toads
  3 kobold demonologists
  2 hellions
  2 orange demons
  A rime drake (Lair:3)
  2 efreet
  2 unseen horrors
  7 spectral spriggans (Swamp:3)
  22 yaktaurs
  5 tengu conjurers
  Psyche (D:8)
  A tormentor (Zot:3)
  9 komodo dragons
  4 freezing wraiths
  An ice devil (Orc:2)
  5 bloated husks
  A queen bee (D:13)
  A queen bee (shapeshifter) (Elf:1)
  5 trolls
  A red devil (Orc:2)
  7 blink frogs
  6 tyrant leeches
  10 hornets
  A glass eye (Depths:2)
  13 polar bears
  A raiju (Lair:5)
  7 dream sheep
  A glass eye (shapeshifter) (Depths:3)
  A dream sheep (shapeshifter) (Vaults:5)
  12 slime creatures
  4 vampires
  2 air elementals
  A jumping spider (shapeshifter) (Vaults:5)
  4 wyverns
  A wraith (D:12)
  2 shadows (D:8)
  A centaur simulacrum (D:14)
  34 yaks
  10 spriggans
  3 water elementals
  A ynoxinul (D:8)
  11 fire elementals
  3 hogs (Elf:1)
  A human (Elf:1)
  A spectral komodo dragon (Gauntlet)
  3 fire bats (Gauntlet)
  A neqoxec (Gauntlet)
  A redback (shapeshifter) (Depths:3)
  15 vampire mosquitoes
  4 basilisks
  3 chaos spawn (Gauntlet)
  11 wargs
  A steam dragon (Lair:2)
  12 swamp worms
  24 nagas
  24 hell hounds
  14 water moccasins
  10 swamp drakes
  35 orc warriors
  Pargi (Sewer)
  A laughing skull (D:15)
  A sky beast (D:7)
  An ice beast (Vaults:3)
  13 black bears
  21 wolves
  19 ogres
  3 boggarts (Vaults:3)
  11 centaurs
  A wolf (shapeshifter) (D:13)
  A phantom (D:7)
  7 kobold brigands
  11 bullfrogs
  4 scorpions
  6 gnoll sergeants
  22 killer bees (D:13)
  7 electric eels
  3 vampire bats (Lair:2)
  10 howler monkeys
  4 jellies
  A bombardier beetle (D:6)
  18 hounds
  26 orc priests
  7 iguanas
  Ijyb (D:5)
  36 orc wizards
  22 gnolls
  5 adders
  A shadow imp (D:8)
  A white imp (Vaults:3)
  An ufetubus (Vaults:3)
  10 dart slugs
  85 orcs
  11 bats
  9 endoplasms
  A giant cockroach (D:4)
  12 hobgoblins
  10 jackals
  21 kobolds
  5 quokkas
  4 ball pythons
  7 frilled lizards
  19 goblins
  7 rats
  A butterfly (Zot:3)
1962 creatures vanquished.

Vanquished Creatures (others)
  A war gargoyle (Vaults:5)
  An alligator (Swamp:3)
  2 deep elf knights (Elf:1)
  2 deep elf pyromancers
  A spectral spriggan (Swamp:3)
  A bloated husk (Swamp:1)
  2 slime creatures (D:13)
  A small abomination (Depths:3)
  A wolf (Lair:5)
  16 foxfires
28 creatures vanquished.

Grand Total: 1990 creatures vanquished

Notes
Turn   | Place    | Note
-------+----------+-------------------------------------------
     0 | D:1      | Mll the Minotaur Fighter began the quest for the Orb.
     0 | D:1      | Reached XP level 1. HP: 19/19 MP: 0/0
   130 | D:1      | Reached XP level 2. HP: 27/27 MP: 1/1
   438 | D:1      | Reached XP level 3. HP: 31/33 MP: 2/2
   439 | D:1      | Reached skill level 1 in Dodging
   748 | D:2      | Got the Anthology of Calorific Concussion
   998 | D:2      | Reached skill level 1 in Throwing
   998 | D:2      | Reached XP level 4. HP: 40/40 MP: 3/3
  1793 | D:3      | Identified the +3 ring mail "Yqauczegge" {rC- Int+6 Stlth+}
  2480 | D:4      | Reached XP level 5. HP: 47/47 MP: 4/4
  2647 | D:4      | Found a staircase to the Ecumenical Temple.
  2661 | Temple   | Entered the Ecumenical Temple
  2670 | Temple   | Became a worshipper of Warmaster Okawaru
  2693 | D:4      | Reached skill level 1 in Invocations
  2753 | D:4      | Noticed an ogre
  2760 | D:4      | Killed an ogre
  2761 | D:4      | Reached XP level 6. HP: 50/55 MP: 5/5
  3321 | D:5      | Entered Level 5 of the Dungeon
  3348 | D:5      | Reached skill level 5 in Fighting
  3527 | D:5      | Reached * piety under Okawaru
  3610 | D:5      | Reached skill level 5 in Shields
  3611 | D:5      | Reached XP level 7. HP: 61/61 MP: 7/7
  3837 | D:5      | Noticed Ijyb
  3849 | D:5      | Killed Ijyb
  3858 | D:5      | Reached skill level 5 in Armour
  4345 | D:6      | Found a glowing drain.
  4356 | Sewer    | Entered a sewer
  4402 | Sewer    | Noticed Pargi
  4416 | Sewer    | Killed Pargi
  4417 | Sewer    | Reached skill level 5 in Axes
  4589 | D:6      | Reached XP level 8. HP: 30/70 MP: 8/8
  4836 | D:6      | Reached ** piety under Okawaru
  4894 | D:6      | Identified the +7 war axe of Aninguf {venom, rF+ Str+3}
  5186 | D:7      | Noticed a hornet
  5190 | D:7      | Killed a hornet
  5190 | D:7      | Reached *** piety under Okawaru
  5191 | D:7      | Reached XP level 9. HP: 68/78 MP: 6/10
  5345 | D:7      | Reached skill level 5 in Dodging
  5551 | D:7      | Reached skill level 5 in Throwing
  5563 | D:7      | Reached **** piety under Okawaru
  5572 | D:7      | Noticed a troll
  5582 | D:7      | Killed a troll
  5764 | D:7      | Reached XP level 10. HP: 88/88 MP: 11/11
  6005 | D:7      | Noticed a green ugly thing
  6014 | D:7      | Killed a green ugly thing
  6128 | D:7      | Found a basalt altar of Yredelemnul.
  6200 | D:7      | Found a white marble altar of Elyvilon.
  6630 | D:8      | Noticed Psyche
  6644 | D:8      | Killed Psyche
  6649 | D:8      | Reached ***** piety under Okawaru
  6720 | D:8      | Found a glowing golden altar of the Shining One.
  6747 | D:8      | Found a bloodstained altar of Trog.
  6764 | D:8      | Found a shimmering blue altar of Sif Muna.
  6772 | D:8      | Got Sif Muna's Notes on Intoxication and the Tropics
  7079 | D:8      | Received a gift from Okawaru
  7091 | D:8      | Found the +5 robe of Night {Dark Will+ SInv}
  7361 | D:9      | Found a flagged portal.
  7380 | Bailey   | Entered a bailey
  7702 | Bailey   | Acquired 1119 gold pieces
  7715 | Bailey   | Found an iron altar of Okawaru.
  7717 | Bailey   | Noticed an orc sorcerer
  7727 | Bailey   | Gained mutation: You occasionally lose the ability to read
                  | scrolls when taking damage. [a neqoxec]
  7729 | Bailey   | Killed an orc sorcerer
  7730 | Bailey   | Reached XP level 11. HP: 94/97 MP: 3/13
  7756 | Bailey   | Identified the +1 ring mail of Cocytus {Rampage rC+ Int+3}
  8168 | D:9      | Found the +6 shillelagh "Devastator" {shatter}
  8712 | D:9      | Received a gift from Okawaru
  8753 | D:9      | Found a snail-covered altar of Cheibriados.
  8823 | D:10     | Entered Level 10 of the Dungeon
  9002 | D:10     | Acquired the +1 pair of boots of the Furies {rF+ Str+4
                  | Int+2}
  9580 | D:11     | Found a staircase to the Lair.
  9604 | D:11     | Noticed Erolcha
  9614 | D:11     | Killed Erolcha
  9614 | D:11     | Received a gift from Okawaru
  9615 | D:11     | Reached skill level 10 in Fighting
  9886 | D:11     | Noticed a boulder beetle
  9894 | D:11     | Killed a boulder beetle
 10263 | D:11     | Reached skill level 5 in Invocations
 10323 | D:12     | Reached XP level 12. HP: 106/106 MP: 14/14
 10452 | D:12     | Noticed a two-headed ogre
 10460 | D:12     | Killed a two-headed ogre
 10460 | D:12     | Received a gift from Okawaru
 10531 | D:12     | Reached skill level 10 in Axes
 10531 | D:12     | Reached skill level 10 in Shields
 10543 | D:12     | Reached skill level 10 in Armour
 10630 | D:12     | Noticed a boulder beetle
 10646 | D:12     | Killed a boulder beetle
 10759 | D:12     | You fall into a shaft and drop 2 floors!
 10759 | D:14     | Found a gate leading to a gauntlet.
 10776 | D:14     | Noticed a centaur warrior
 10784 | D:14     | Killed a centaur warrior
 10792 | Gauntlet | Entered a Gauntlet
 10792 | Gauntlet | Found a transporter.
 10793 | Gauntlet | Found a large runed translucent door.
 10794 | Gauntlet | Found a large runed translucent door.
 10795 | Gauntlet | Found a large runed translucent door.
 10795 | Gauntlet | Found a large runed translucent door.
 10795 | Gauntlet | Found a runed translucent door.
 10795 | Gauntlet | Found a runed translucent door.
 10796 | Gauntlet | Found a large runed translucent door.
 10797 | Gauntlet | Found a large runed translucent door.
 10798 | Gauntlet | Found a large runed translucent door.
 10798 | Gauntlet | Found a large runed translucent door.
 10798 | Gauntlet | Found a large runed translucent door.
 10798 | Gauntlet | Found a large runed translucent door.
 10798 | Gauntlet | Found a large runed translucent door.
 10798 | Gauntlet | Found a large runed translucent door.
 10799 | Gauntlet | Found a large runed translucent door.
 10799 | Gauntlet | Found a large runed translucent door.
 10799 | Gauntlet | Noticed a death scarab
 10800 | Gauntlet | Found a large runed translucent door.
 10800 | Gauntlet | Found a transporter.
 10800 | Gauntlet | Found a large runed translucent door.
 10802 | Gauntlet | Found a transporter.
 10804 | Gauntlet | Found a transporter.
 10811 | Gauntlet | Found a runed translucent gate.
 10811 | Gauntlet | Found a runed translucent gate.
 10811 | Gauntlet | Found a runed translucent gate.
 10813 | Gauntlet | Found a transporter.
 10829 | Gauntlet | Found a transporter.
 10836 | Gauntlet | Noticed a cacodemon
 10837 | Gauntlet | Found a transporter.
 10855 | Gauntlet | Found a transporter.
 10871 | Gauntlet | Noticed a blizzard demon
 10875 | Gauntlet | Found a transporter.
 10887 | Gauntlet | Found a transporter.
 10899 | Gauntlet | Found a transporter.
 10908 | Gauntlet | Noticed a death yak
 10909 | Gauntlet | Noticed a death yak
 10909 | Gauntlet | Noticed a death yak
 10910 | Gauntlet | Noticed a death yak
 10911 | Gauntlet | Found a transporter.
 10920 | Gauntlet | Noticed a hell hog
 10923 | Gauntlet | Found a transporter.
 11040 | Gauntlet | Found a transporter.
 11040 | Gauntlet | Found a transporter.
 11083 | Gauntlet | Found a transporter.
 11110 | Gauntlet | Found a transporter.
 11137 | Gauntlet | Killed a death scarab
 11143 | Gauntlet | Found a transporter.
 11294 | Gauntlet | Killed a hell hog
 11377 | Gauntlet | Noticed a minotaur
 11385 | Gauntlet | Killed a minotaur
 11403 | Gauntlet | Identified the +0 rapier "Hasu" {freeze, rN+ Int+2}
 11550 | D:14     | Noticed a centaur warrior
 11567 | D:14     | Killed a centaur warrior
 11609 | D:13     | Noticed an eight-headed hydra
 11623 | D:13     | Killed an eight-headed hydra
 11934 | D:13     | Noticed a tengu warrior
 11939 | D:13     | Noticed Sonja
 11944 | D:13     | Killed a tengu warrior
 11955 | D:13     | Reached XP level 13. HP: 55/116 MP: 14/16
 11956 | D:13     | Killed Sonja
 11956 | D:13     | Received a gift from Okawaru
 12793 | D:13     | Noticed Azrael
 12817 | D:13     | Received a gift from Okawaru
 12826 | D:13     | Killed Azrael
 12827 | D:13     | Reached skill level 10 in Dodging
 13234 | D:13     | Noticed an ettin
 13242 | D:13     | Killed an ettin
 13357 | D:13     | Found a gate to the Vaults.
 13630 | D:13     | Received a gift from Okawaru
 14047 | D:12     | Identified the +2 chain mail "Faskaliq" {rF- Str+3 Slay+3}
 14050 | D:12     | Found a staircase to the Orcish Mines.
 14483 | D:12     | Reached skill level 10 in Throwing
 15377 | D:14     | Reached XP level 14. HP: 114/127 MP: 15/17
 15564 | D:13     | Received a gift from Okawaru
 15975 | D:15     | Entered Level 15 of the Dungeon
 16377 | D:15     | Found a staircase to the Depths.
 16687 | D:15     | Received a gift from Okawaru
 17879 | Orc:1    | Entered Level 1 of the Orcish Mines
 17929 | Orc:1    | Noticed Jorgrun
 17940 | Orc:1    | Killed Jorgrun
 18160 | Orc:1    | Noticed Harold
 18173 | Orc:1    | Gained mutation: You are occasionally teleported next to
                  | monsters. [a neqoxec]
 18177 | Orc:1    | Killed Harold
 18372 | Orc:2    | Entered Level 2 of the Orcish Mines
 18417 | Orc:2    | Found Kumahauh's Magic Scroll Boutique.
 18418 | Orc:2    | Found Fesoiseo's Distillery.
 18462 | Orc:2    | Reached ****** piety under Okawaru
 18463 | Orc:2    | Acquired the +6 broad axe of Massacring {flame, ^Contam
                  | rPois Str+4 Stlth+}
 18463 | Orc:2    | Received a gift from Okawaru
 18470 | Orc:2    | Acquired the +8 chain mail of Asceticism {Dex+4}
 18470 | Orc:2    | Received a gift from Okawaru
 18510 | Orc:2    | Bought a scroll of identify for 26 gold pieces
 18510 | Orc:2    | Bought a scroll of enchant armour for 97 gold pieces
 18510 | Orc:2    | Bought a scroll of identify for 26 gold pieces
 18512 | Orc:2    | Bought a potion of heal wounds for 65 gold pieces
 18512 | Orc:2    | Bought a potion of might for 52 gold pieces
 18512 | Orc:2    | Bought a potion of curing for 39 gold pieces
 18512 | Orc:2    | Bought a potion of resistance for 130 gold pieces
 18512 | Orc:2    | Bought a potion of haste for 130 gold pieces
 18512 | Orc:2    | Bought 2 potions of cancellation for 208 gold pieces
 18535 | Orc:2    | Received a gift from Okawaru
 18613 | Orc:2    | Received a gift from Okawaru
 18646 | Orc:2    | Reached XP level 15. HP: 25/136 MP: 8/19
 18881 | Orc:2    | Found a staircase to the Elven Halls.
 19242 | Orc:2    | Found Beceev's Antique Weapon Emporium.
 19242 | Orc:2    | Found Keco's Book Shoppe.
 19243 | Orc:2    | Found a one-way gate leading to the halls of Pandemonium.
 19294 | Elf:1    | Entered Level 1 of the Elven Halls
 19297 | Orc:2    | Upgraded the game from 0.32-a0-685-g93135e86f0 to
                  | 0.32-a0-705-g60f233581c
 19751 | Lair:1   | Entered Level 1 of the Lair of Beasts
 19830 | Lair:1   | Lost mutation: You occasionally lose the ability to read
                  | scrolls when taking damage. [potion of mutation]
 19830 | Lair:1   | Lost mutation: You are occasionally teleported next to
                  | monsters. [potion of mutation]
 19830 | Lair:1   | Gained mutation: You are partially covered in iridescent
                  | scales. (AC +2) [potion of mutation]
 19830 | Lair:1   | Gained mutation: You have very sharp teeth. [potion of
                  | mutation]
 20375 | Lair:1   | Found a dark tunnel.
 20383 | Volcano  | Entered a volcano
 20581 | Volcano  | Received a gift from Okawaru
 21027 | Lair:2   | Found a staircase to the Swamp.
 22132 | Lair:3   | Received a gift from Okawaru
 22596 | Lair:3   | Found a staircase to the Snake Pit.
 23589 | Lair:5   | Entered Level 5 of the Lair of Beasts
 24232 | Lair:5   | Received a gift from Okawaru
 24274 | Lair:5   | Reached XP level 16. HP: 144/147 MP: 20/20
 24624 | Lair:5   | Found a staircase to the Slime Pits.
 25168 | Snake:1  | Entered Level 1 of the Snake Pit
 25461 | Snake:1  | Found Geuca's Jewellery Shop.
 25477 | Snake:1  | Bought a +6 ring of dexterity for 504 gold pieces
 25502 | Snake:1  | Received a gift from Okawaru
 25873 | Snake:1  | Found Zeup's Assorted Antiques.
 25881 | Snake:1  | Reached skill level 15 in Fighting
 25913 | Snake:1  | Found Efraul's Armour Shoppe.
 26031 | Snake:1  | Found an ancient bone altar of Kikubaaqudgha.
 26065 | Snake:1  | Found Rysaasul's Antique Armour Shop.
 26136 | Snake:1  | Found Niemiudu's Magic Scroll Shop.
 26157 | Snake:1  | Bought a scroll of revelation for 120 gold pieces
 26512 | Snake:2  | Received a gift from Okawaru
 26552 | Snake:2  | You fall into a shaft and drop 1 floor!
 26669 | Snake:3  | Identified the serpent talisman of the Komodo Dragon {rF-
                  | Will+++ Str+4}
 26669 | Snake:3  | Noticed Aizul
 26682 | Snake:3  | Killed Aizul
 27123 | Snake:2  | Reached skill level 15 in Axes
 27710 | Snake:2  | Received a gift from Okawaru
 28640 | Snake:3  | Reached skill level 15 in Shields
 28817 | Snake:3  | Reached skill level 15 in Armour
 28999 | Snake:4  | Entered Level 4 of the Snake Pit
 29234 | Snake:4  | Reached XP level 17. HP: 130/156 MP: 19/22
 29442 | Snake:4  | Received a gift from Okawaru
 29487 | Snake:4  | Noticed Vashnia
 29508 | Snake:4  | Killed Vashnia
 29579 | Snake:4  | Found an iron altar of Okawaru.
 29606 | Snake:4  | Got a serpentine rune of Zot
 31044 | Swamp:1  | Entered Level 1 of the Swamp
 31275 | Swamp:1  | Received a gift from Okawaru
 32236 | Swamp:3  | Noticed Roxanne
 32248 | Swamp:3  | Killed Roxanne
 32310 | Swamp:3  | Received a gift from Okawaru
 32542 | Swamp:3  | Received a gift from Okawaru
 32576 | Swamp:3  | Reached XP level 18. HP: 168/168 MP: 23/23
 32761 | Swamp:3  | Found a runed translucent door.
 32762 | Swamp:3  | Found a shimmering altar of Xom.
 32762 | Swamp:3  | Noticed contendunt's ghost (adept MiFi)
 32805 | Swamp:3  | Killed contendunt's ghost
 33432 | Swamp:4  | Entered Level 4 of the Swamp
 33440 | Swamp:4  | Noticed a tentacled monstrosity
 33491 | Swamp:3  | Killed a tentacled monstrosity
 33515 | Swamp:4  | Received a gift from Okawaru
 33787 | Swamp:4  | Found an iron altar of Okawaru.
 33818 | Swamp:4  | Noticed Louise
 33837 | Swamp:4  | Killed Louise
 33903 | Swamp:4  | Received a gift from Okawaru
 33969 | Swamp:4  | Noticed the 27-headed Lernaean hydra
 33979 | Swamp:4  | Killed the 21-headed Lernaean hydra
 33985 | Swamp:4  | Got a decaying rune of Zot
 34730 | Elf:1    | Noticed Kirke
 34742 | Elf:1    | Killed Kirke
 34969 | Elf:1    | Paralysed by an air elemental for 1 turns
 35205 | Elf:1    | Reached skill level 15 in Dodging
 35298 | Elf:1    | Found Ferri's Magic Scroll Emporium.
 35872 | Elf:1    | Bought a scroll of teleportation for 51 gold pieces
 35872 | Elf:1    | Bought a scroll of acquirement for 884 gold pieces
 35872 | Elf:1    | Bought a scroll of teleportation for 51 gold pieces
 35872 | Elf:1    | Acquired the +2 hat "Afutag Nati" {rCorr Dex+2}
 36014 | Elf:1    | Acquired 740 gold pieces
 36234 | Elf:2    | Found Faruinn's Magic Scroll Shoppe.
 36240 | Elf:2    | Received a gift from Okawaru
 36253 | Elf:2    | Bought a scroll of silence for 161 gold pieces
 36253 | Elf:2    | Bought a scroll of teleportation for 51 gold pieces
 36253 | Elf:2    | Found Waybruxt's Antique Weapon Emporium.
 36349 | Elf:2    | Found Deol's Jewellery Emporium.
 36353 | Elf:2    | Bought an amulet of reflection for 570 gold pieces
 36353 | Elf:2    | Bought a ring of see invisible for 285 gold pieces
 36495 | Elf:2    | Reached XP level 19. HP: 177/177 MP: 25/25
 36723 | Elf:2    | Found a huge runed translucent gate.
 36723 | Elf:2    | Found a huge runed translucent gate.
 36723 | Elf:2    | Found a huge runed translucent gate.
 36729 | Elf:2    | Found a huge runed translucent gate.
 36729 | Elf:2    | Found a huge runed translucent gate.
 37031 | Elf:2    | Received a gift from Okawaru
 37697 | Elf:3    | Entered Level 3 of the Elven Halls
 37720 | Elf:3    | Paralysed by an air elemental for 1 turns
 37723 | Elf:3    | Paralysed by an air elemental for 1 turns
 38164 | Elf:3    | Received a gift from Okawaru
 38201 | Elf:3    | Reached skill level 10 in Invocations
 38582 | Elf:3    | Reached skill level 15 in Throwing
 39084 | Elf:3    | Identified the +5 battleaxe "Ruogoag" {flame, rPois Dex+3}
 39087 | Elf:3    | Found the +3 pair of gauntlets of War {Slay+5}
 39104 | Elf:3    | Identified the +6 plate armour "Gele" {Harm +Inv rElec
                  | Int-3}
 39201 | Elf:3    | Got the Handbook of Rocky Ignition
 39839 | Vaults:1 | Entered Level 1 of the Vaults
 39843 | Vaults:1 | Received a gift from Okawaru
 39962 | Vaults:1 | Found a flickering gateway to a bazaar.
 39975 | Bazaar   | Entered a bazaar
 39975 | Bazaar   | Found Xaho's Book Shop.
 39975 | Bazaar   | Found Doalekle's Weapon Shop.
 39975 | Bazaar   | Found Geqi Fao's Magic Scroll Boutique.
 39984 | Bazaar   | Bought a scroll of teleportation for 36 gold pieces
 39984 | Bazaar   | Bought a scroll of enchant armour for 90 gold pieces
 40050 | Vaults:1 | Found a portal to a secret trove of treasure.
 40422 | Vaults:1 | Identified the +2 ring mail of Ywkupp {rCorr Str+2 Int+8
                  | Dex-5}
 40475 | Vaults:1 | Reached XP level 20. HP: 189/189 MP: 26/26
 41154 | Vaults:2 | You fall into a shaft and drop 1 floor!
 41465 | Vaults:3 | Identified the +4 ring mail "Cujeufei" {*Corrode Fly rN+
                  | Slay+3}
 42431 | Vaults:4 | Received a gift from Okawaru
 42802 | Vaults:4 | Found Egyon's Weapon Shoppe.
 42826 | Vaults:4 | Received a gift from Okawaru
 43218 | Vaults:4 | Identified the +7 mace "Huloezua" {holy, rCorr}
 43218 | Vaults:4 | Identified the +3 hand axe "Sumogera" {flame, rF+ rC++
                  | Will+}
 43218 | Vaults:4 | Identified the +1 robe "Fust" {rC++ Dex+3 Stlth-}
 43263 | Vaults:4 | Identified the +10 rapier of the Eternal Void {freeze,
                  | Str+2}
 43435 | Vaults:5 | Entered Level 5 of the Vaults
 43447 | Vaults:5 | Reached XP level 21. HP: 177/198 MP: 21/28
 43487 | Vaults:5 | Received a gift from Okawaru
 43608 | Vaults:5 | Noticed a dread lich
 43613 | Vaults:5 | Received a gift from Okawaru
 43627 | Vaults:5 | Killed a dread lich
 43696 | Vaults:5 | Paralysed by a sphinx for 2 turns
 43975 | Vaults:5 | Acquired the ring "Wunnar" {rF+ EV+5}
 43994 | Vaults:5 | Identified the +9 quarterstaff of Yleetoc {freeze, rElec
                  | rC+ Will+ rCorr}
 43995 | Vaults:5 | Identified the +0 chain mail "Omivel" {Int-3 Dex+3}
 44018 | Vaults:5 | Found the +10 Black Knight's barding {ponderous, rPois rN+}
 44051 | Vaults:5 | Identified the +1 glaive of Defiance {flame, *Rage rCorr
                  | Str-2 SInv}
 44068 | Vaults:5 | Identified the +1 quick blade of Gozag, Lusting {drain,
                  | Int+5 Dex+5}
 44096 | Vaults:5 | Found the +16 obsidian axe {drain, demonic, Mesm ^Drain Fly
                  | SInv}
 44420 | Vaults:5 | Got a silver rune of Zot
 44423 | Vaults:5 | Identified the +0 plate armour of the Vacuum {^Drain rC+
                  | rN+ Int+4}
 44685 | Vaults:5 | Received a gift from Okawaru
 45143 | Vaults:2 | Found a staircase to the Crypt.
 45241 | Vaults:2 | Reached XP level 22. HP: 193/209 MP: 29/29
 46679 | Depths:1 | Entered Level 1 of the Depths
 46694 | Depths:1 | Found a one-way gateway to a ziggurat.
 46772 | Depths:1 | Found a flickering gateway to a bazaar.
 46782 | Bazaar   | Entered a bazaar
 46797 | Bazaar   | Found Acrubb's Jewellery Emporium.
 46819 | Bazaar   | Found Daenor's Antique Armour Emporium.
 46835 | Bazaar   | Found Qyaruts's Book Emporium.
 46835 | Bazaar   | Found Bimi's Magic Scroll Shoppe.
 46857 | Bazaar   | Found Iriveerr's Weapon Emporium.
 46896 | Depths:1 | Found a gateway to Hell.
 47116 | Depths:1 | Noticed Mara
 47134 | Depths:1 | Noticed Mll's illusion
 47140 | Depths:1 | Killed Mara
 47195 | Depths:1 | Received a gift from Okawaru
 47271 | Depths:1 | You fall into a shaft and drop 1 floor!
 47298 | Depths:2 | Found Xufashrio's Jewellery Shoppe.
 47417 | Depths:1 | Found a glowing golden altar of the Shining One.
 48182 | Depths:2 | Found Afaum's Antique Weapon Shoppe.
 48231 | Depths:2 | Found Gozag's Antique Armour Shoppe.
 48237 | Depths:2 | Noticed a golden dragon
 48237 | Depths:2 | Found an opulent altar of Gozag.
 48242 | Depths:2 | Found Gozag's Assorted Antiques.
 48243 | Depths:2 | Found Gozag's Antique Armour Emporium.
 48249 | Depths:2 | Bought an embroidered cloak for 750 gold pieces
 48315 | Depths:2 | Killed a golden dragon
 48740 | Depths:2 | Identified the +2 ring mail of the Narrow God {rElec Str+3
                  | Int+9}
 48758 | Depths:2 | Received a gift from Okawaru
 48957 | Depths:3 | Noticed Vv
 48997 | Depths:3 | Noticed a golden dragon
 49003 | Depths:3 | Killed Vv
 49006 | Depths:3 | Killed a golden dragon
 49049 | Depths:3 | Noticed Jymib's ghost (veteran DgCj)
 49070 | Depths:3 | Found a runed translucent gate.
 49070 | Depths:3 | Found a runed translucent gate.
 49071 | Depths:3 | Found a runed translucent gate.
 49110 | Depths:3 | Noticed a golden dragon
 49119 | Depths:3 | Killed a golden dragon
 49128 | Depths:3 | Paralysed by a sphinx for 2 turns
 49163 | Depths:3 | Received a gift from Okawaru
 49174 | Depths:3 | Reached XP level 23. HP: 114/218 MP: 28/30
 49360 | Depths:3 | Found a one-way gate to the infinite horrors of the Abyss.
 49448 | Depths:3 | Identified the +0 helmet of Bitterness {rC++ Dex+4}
 49471 | Depths:3 | Identified the +0 helmet of Huqan {-Tele ^Contam rC+ Str+8}
 49471 | Depths:3 | Identified the ring "Veim Qia" {rPois rCorr Int+2 Dex-3}
 49471 | Depths:3 | Identified the ring "Daheuny" {Ice Int+3}
 49562 | Depths:3 | Paralysed by a vampire knight for 2 turns
 49975 | Depths:3 | Found an ornate altar of the Wu Jian Council.
 50431 | Depths:3 | Killed Jymib's ghost
 50462 | Depths:3 | Identified the ring "Goalymy" {Fire Int+4 Dex+3 Stlth-}
 50529 | Depths:4 | Entered Level 4 of the Depths
 50547 | Depths:4 | Received a gift from Okawaru
 50812 | Depths:4 | Found a gate to the Realm of Zot.
 51166 | Depths:4 | Received a gift from Okawaru
 51168 | Depths:4 | Found Naku Nonoi's Blood Bar.
 51196 | Depths:4 | Found Juolitt's Assorted Antiques.
 51527 | Depths:4 | Bought a potion of heal wounds for 230 gold pieces
 51527 | Depths:4 | Bought a scroll of revelation for 345 gold pieces
 51926 | Zot:1    | Entered Level 1 of the Realm of Zot
 52160 | Zot:2    | Received a gift from Okawaru
 52406 | Zot:3    | Reached XP level 24. HP: 226/231 MP: 31/31
 52415 | Zot:3    | Noticed a Killer Klown
 52419 | Zot:3    | Noticed a Killer Klown
 52432 | Zot:3    | Killed a Killer Klown
 52459 | Zot:3    | Killed a Killer Klown
 52953 | Zot:4    | Received a gift from Okawaru
 53015 | Zot:5    | Entered Level 5 of the Realm of Zot
 53180 | Zot:5    | Noticed an orb of fire
 53196 | Zot:5    | Killed an orb of fire
 53332 | Zot:5    | Noticed an ancient lich
 53337 | Zot:5    | Killed an ancient lich
 53394 | Zot:5    | Noticed a Killer Klown
 53401 | Zot:5    | Killed a Killer Klown
 53422 | Zot:5    | Noticed a dread lich
 53428 | Zot:5    | Killed a dread lich
 53438 | Zot:5    | Received a gift from Okawaru
 53524 | Zot:5    | Got the Orb of Zot
 53690 | Zot:2    | HP: 8/233 [cacodemon/bolt of devastation (23)]
 53899 | Depths:3 | Noticed Orhag the pandemonium lord
 53919 | Depths:3 | Killed Orhag the pandemonium lord
 53948 | Depths:3 | Received a gift from Okawaru
 54258 | D:5      | Noticed Suclaschext the pandemonium lord
 54341 | D:1      | Noticed Taulif the pandemonium lord
 54409 | D:$      | Escaped with the Orb!

Illustrated notes

Levels and vault maps discovered:
D:1:      arrival_zaba_pyramid, layout_rooms, serial_park_tiny_2,
          lexackson_kobold_supper
D:2:      minmay_inner_zag, layout_loops_cross, kennysheep_potato
D:3:      layout_loops_corners
D:4:      layout_loops_ring, minmay_temple_entry_slanted
D:5:      layout_gridville, abandoned_shop, uniq_ijyb
D:6:      layout_rooms, portal_sewer_entry_d
D:7:      lemuel_castle_with_subvaults [lemuel_castle_interior_original],
          layout_cave_pools, kennysheep_ying_yang, kennysheep_small_square
D:8:      layout_rooms, nzn_overflow_gifts_of_might_and_magic,
          amcnicky_altar_gilded, hellmonk_guarded_unrand_night, uniq_psyche
D:9:      layout_roguey, kennysheep_mini, enter_bailey_3
D:10:     layout_roguey
D:11:     layout_gridville, erik_lair_island, uniq_erolcha
D:12:     layout_stronghold, orc_0_dummy
D:13:     layout_basic, david_vaults_4, special_room [special_room_bee],
          dk_noncrumbling_4, minmay_misc_feat_secret_circle, uniq_azrael,
          uniq_sonja
D:14:     layout_cave_pools, gauntlet_entry_generic
D:15:     hellmonk_depths_entry_around_the_bend, layout_gridville,
          grunt_decor_mini_mirrors
Temple:   eino_temple_scatter_basement
Lair:1:   layout_regular_city, lightli_volcano_entry_magma_tube, st_stairs_12
Lair:2:   layout_cave_pods, minmay_swamp_entry_swarm, roderic_batcave,
          small_statue_intersection
Lair:3:   layout_chaotic_city, nicolae_snake_entry_squirm
Lair:4:   layout_gridlike
Lair:5:   hangedman_lair_caniforms_friends, layout_gridlike,
          hangedman_lair_in_review, minmay_slime_entry_pillars,
          serial_bayou_pond_d
Swamp:1:  layout_basic_swamp, evilmike_swamp_ruin_wall,
          nicolae_swamp_tree_isthmus
Swamp:2:  layout_basic_swamp, evilmike_swamp_ruin_house_5, st_swamp_ruins_3
Swamp:3:  nicolae_swamp_flooded_prison, layout_basic_swamp, ebering_ghost_xom,
          serial_swamp_ruin, evilmike_swamp_ruin_house_3,
          evilmike_swamp_ruin_rubble_1, hangedman_swamp_ruin_wall,
          swamp_pool_1_2, uniq_roxanne
Swamp:4:  grunt_swamp_rune_castle, layout_basic_swamp, swamp_pool_1_2,
          nicolae_swamp_little_tower, lemuel_altar_in_water2,
          nicolae_swamp_spriggan_camp, uniq_louise
Snake:1:  layout_grid_shapes, basic_altar, serial_shops, shop,
          nicolae_shop_tiny_waterfront, nicolae_shop_just_a_little_nook, shop,
          nicolae_shop_window_shopping
Snake:2:  hangedman_cross_stitches, layout_grid_maze
Snake:3:  layout_cave_town, uniq_aizul
Snake:4:  grunt_snake_rune_serpentine_throne, layout_basic, uniq_vashnia
Orc:1:    layout_caves, uniq_harold, uniq_jorgrun
Orc:2:    pf_orc_diabolical, layout_caves
Elf:1:    layout_geoelf_diagonals, serial_shops, shop_statue, evilmike_minifort,
          uniq_kirke
Elf:2:    elven_hall_of_blades_hangedman_alternative [mumra_blade_entry_dagger],
          layout_geoelf_grid, serial_shops, nicolae_shop_window_shopping,
          minivault_16, minmay_shoptagon
Elf:3:    minmay_elf_hall_hex, layout_geoelf_octagon, hex_large,
          nicolae_elf_big_sculpture_2
Vaults:1: nicolae_vaults_variable_pillar_hall, nicolae_vaults_double_plus_2,
          nicolae_vaults_closet_pinwheel_5, hangedman_vaults_stretched_pinwheel,
          nicolae_vaults_diamond_2, nicolae_vaults_trapezoid_4,
          nicolae_vaults_trapezoid_layered, vaults_mumra_hex,
          nicolae_vaults_heart-shaped_vault, vaults_room_fancy_cross,
          nicolae_vaults_tetromino_Z_2, layout_vaults_quadrants,
          nicolae_trove_entry_crossroad, serial_shops, bzr_entry_customers
Vaults:2: nicolae_vaults_swerve, nicolae_vaults_storage_closets_2,
          nicolae_vaults_twisting_passages, nicolae_vaults_door_testing_chamber,
          v_misc_15, v_misc_26, minmay_crypt_entry_simple_corners,
          ontoclasm_vaults_chip, nicolae_vaults_shipping_containers_2,
          vaults_room_corners, nicolae_vaults_shelves_hall, vaults_room_hallway,
          layout_vaults_ring
Vaults:3: serial_ice_h, vaults_dpeg_diagonal, nicolae_vaults_diamond_1,
          st_smaller_cells, nicolae_vaults_little_squares_2,
          nicolae_vaults_trapezoid_1, hangedman_vaults_slice,
          nicolae_vaults_surprise_closet, layout_vaults_chaotic_city
Vaults:4: nicolae_vaults_closet_pinwheel_3,
          nicolae_vaults_storing_the_good_stuff,
          nicolae_vaults_trapezoid_layered, v_misc_11,
          nicolae_vaults_trapezoid_lopsided_3,
          nicolae_vaults_taking_the_gang_shopping,
          nicolae_vaults_diagonal_hallway_7, v_alt_pattern_6,
          nicolae_vaults_border_crossing, hangedman_vaults_cutoff,
          layout_vaults_maze
Vaults:5
Depths:1: layout_gridville, enter_ziggurat_a, serial_shops, bzr_entry_islet,
          grunt_mini_vestibule, nicolae_tso_carved_into_rock, uniq_mara
Depths:2: kennysheep_gozag_temple, layout_basic, grunt_pan_entry_zigzag,
          hell_entry, hangedman_decor_growths, serial_shops,
          nicolae_shop_temple_entry_statues_fountains, shop,
          minmay_variable_closet, lemuel_old_faithful
Depths:3: minmay_the_grid_net [minmay_the_grid_small_cups,
          minmay_the_grid_embedded, minmay_the_grid_tiny_cups,
          minmay_the_grid_fan, minmay_the_grid_garden,
          minmay_the_grid_prize_shrinking_boxes], layout_small_grid,
          hellmouth_1, gammafunk_ghost_split, hangedman_abyss_entry_splay,
          nicolae_wu_jian_immortal_techniques, minivault_1, uniq_vv
Depths:4: evilmike_zot_entry_diamond, layout_gridville, rand_demon_pan_entry_7,
          minmay_misc_feat_rows, serial_shops, nicolae_shop_statue_plus,
          hell_entry, serial_sigils, serial_sigils_hangedman_snap,
          serial_sigils_hangedman_confine, serial_sigils_hangedman_snap,
          serial_sigils_hangedman_quiver, guppyfry_shop_blood
Zot:1:    layout_cathedral_of_symmetry
Zot:2:    layout_basic, evilmike_ambush [evilmike_ambush_outer_basic,
          evilmike_ambush_inner_basic]
Zot:3:    dreamdust_zin_vs_xom, layout_cathedral_of_symmetry, lemuel_elevator
Zot:4:    gammafunk_sealed_library, layout_onion_interference, st_stairs_9
Zot:5:    layout_misc_corridors

Skill      XL: |  1  2  3  4  5  6  7  8  9 10 11 12 13 14 15 16 17 18 19 20 21 22 23 24 |
---------------+-------------------------------------------------------------------------+-----
Armour         | 4 5 6 7 8 9 10 12 13 14 15 16 17 18 19 20 21 | 21.7
Dodging        | 1 2 3 4 6 7 8 9 10 11 12 13 14 15 16 17 18 19 | 19.9
Shields        | 4 5 6 7 8 9 11 12 13 14 15 16 17 18 19 20 21 | 21.8
Fighting       | 4 5 6 7 9 10 11 12 13 14 15 16 17 18 19 20 21 22 | 22.4
Axes           | 3 4 5 6 7 8 9 11 12 13 14 15 16 17 18 19 20 21 22 | 22.3
Throwing       | 1 2 3 4 5 6 7 9 10 11 12 13 14 15 16 17 18 19 | 19.0
Invocations    | 1 2 3 4 5 6 7 8 9 10 11 12 | 12.9

Action                     |  1- 3 |  4- 6 |  7- 9 | 10-12 | 13-15 | 16-18 | 19-21 | 22-24 || total
---------------------------+-------+-------+-------+-------+-------+-------+-------+-------++-------
  Melee: War axe           |    99 |   156 |   190 |   460 |   520 |       |       |       ||  1425
         Headbutt          |    19 |    14 |    31 |    81 |   252 |   203 |   266 |   422 ||  1288
         Morningstar       |       |       |       |     7 |     9 |       |       |       ||    16
         Broad axe         |       |       |       |       |   519 |   811 |   770 |  1050 ||  3150
         Bite              |       |       |       |       |    51 |   113 |   121 |   200 ||   485
         Unarmed           |       |       |       |       |       |       |     4 |       ||     4
  Throw: Boomerang         |       |       |    47 |    23 |    72 |   558 |   237 |   241 ||  1178
         Javelin           |       |       |       |       |       |       |    26 |       ||    26
 Invoke: Heroism           |       |       |     4 |    12 |    14 |    14 |    21 |    21 ||    86
         Finesse           |       |       |       |     3 |     3 |     5 |     8 |     7 ||    26
         Receive Weapon    |       |       |       |       |     1 |       |       |       ||     1
         Receive Armour    |       |       |       |       |     1 |       |       |       ||     1
  Evoke: Wand              |       |       |       |       |       |       |       |    12 ||    12
    Use: Scroll            |     1 |     9 |     6 |    12 |     5 |    10 |     6 |     7 ||    56
         Potion            |       |     1 |       |     9 |    11 |    10 |    10 |    19 ||    60
   Stab: Distracted        |       |       |       |       |       |       |     1 |     1 ||     2
 Armour: Scale mail        |    43 |       |       |       |       |       |       |       ||    43
         Plate armour      |       |   161 |   198 |   413 |   464 |       |       |       ||  1236
         Chain mail        |       |       |       |       |   316 |   474 |   197 |   356 ||  1343
         Skin              |       |       |       |       |       |       |     3 |       ||     3
  Dodge: Dodged            |    38 |    39 |    65 |   178 |   465 |   402 |   267 |   439 ||  1893
  Block: Buckler           |    14 |    20 |    46 |       |       |       |       |       ||    80
         Kite shield       |       |       |     4 |   310 |   636 |   271 |       |       ||  1221
         Tower shield      |       |       |       |       |       |   637 |   922 |  1468 ||  3027
         Reflection        |       |       |       |       |       |     2 |   118 |    37 ||   157
         Other             |       |       |       |       |       |       |     1 |       ||     1

Table legend: (Time is in decaauts)
 A = Elapsed time spent in this place.
 B = Non-inter-level travel time spent in this place.
 C = Inter-level travel time spent in this place.
 D = Time resting spent in this place.
 E = Time spent auto-exploring this place.
 F = Levels seen in this place.
 G = Mean time per level.
                   A        B        C        D        E       F      G
               +--------+--------+--------+--------+--------+-----+--------+
         Total |  53842 |  44958 |   8884 |   8478 |  22691 |  54 |  997.1 |
       Dungeon |  17096 |  14927 |   2169 |   2704 |   8802 |  15 | 1139.7 |
        Temple |     18 |      2 |     16 |      0 |      0 |   1 |   18.0 |
          Lair |   6024 |   4709 |   1315 |    256 |   3557 |   5 | 1204.8 |
         Swamp |   3549 |   2826 |    723 |    254 |   1331 |   4 |  887.2 |
     Snake Pit |   4888 |   3821 |   1067 |   1240 |   1406 |   4 | 1222.0 |
  Orcish Mines |   1963 |   1506 |    457 |     35 |   1057 |   2 |  981.5 |
   Elven Halls |   4767 |   3859 |    908 |   1368 |   1203 |   3 | 1589.0 |
        Vaults |   6426 |   5140 |   1286 |    417 |   2886 |   5 | 1285.2 |
        Depths |   5216 |   4482 |    734 |   1099 |   1939 |   4 | 1304.0 |
           Zot |   1723 |   1516 |    207 |    708 |      0 |   5 |  344.6 |
        Bazaar |    117 |    117 |      0 |      0 |      0 |   2 |   58.5 |
         Sewer |    191 |    191 |      0 |      0 |    136 |   1 |  191.0 |
        Bailey |    802 |    802 |      0 |    172 |    304 |   1 |  802.0 |
       Volcano |    357 |    357 |      0 |    164 |      2 |   1 |  357.0 |
      Gauntlet |    699 |    699 |      0 |     58 |     66 |   1 |  699.0 |
               +--------+--------+--------+--------+--------+-----+--------+

Top non-repeatable levels by time:
    D:13: 2419 daAuts
    D:15: 1794 daAuts
   Elf:3: 1734 daAuts
   Elf:2: 1603 daAuts
  Lair:5: 1580 daAuts
    D:14: 1551 daAuts
    D:12: 1483 daAuts
Vaults:2: 1474 daAuts
Depths:4: 1453 daAuts
   Elf:1: 1429 daAuts
   Orc:2: 1403 daAuts
 Swamp:3: 1402 daAuts
     D:7: 1384 daAuts
Depths:3: 1376 daAuts
Depths:1: 1313 daAuts
